 Dungeon Crawl Stone Soup version 0.31.0 (webtiles) character file.

Game seed: 7518187930783595156

63 Warped the Twirler (level 4, 0/26 HPs)
             Began as a Gargoyle Gladiator on Jan 20, 2024.
             Slain by Sigmund
             ... wielding a +0 scythe
              (5 damage)
             ... on level 2 of the Dungeon.
             The game lasted 00:01:18 (1266 turns).

Warped the Twirler (Gargoyle Gladiator)             Turns: 1266, Time: 00:01:18

Health: 0/26       AC:  7    Str: 20    XL:     4   Next: 9%
Magic:  4/4        EV: 12    Int:  8    God:
Gold:   135        SH:  0    Dex: 11    Spells: 3/3 levels left

rFire   . . .        a - +0 quarterstaff
rCold   . . .        (shield currently unavailable)
rNeg    + . .        b - +0 leather armour
rPois   ∞            c - +0 helmet
rElec   +            (no cloak)
rCorr   .            (no gloves)
SInv    .            (no boots)
Will    .....        (no amulet)
Stlth   +            (no ring)
HPRegen 0.24/turn    (no ring)
MPRegen 0.09/turn

%: no passive effects
@: confused
A: sickness immunity, AC +3, negative energy resistance 1, electricity
resistance, torment resistance 1, petrification resistance
a: no special abilities


You were on level 2 of the Dungeon.
You visited 1 branch of the dungeon, and saw 2 of its levels.

You collected 135 gold pieces.

Inventory:

Hand Weapons
 a - a +0 quarterstaff (weapon)
 g - a +2 heavy sling
Missiles
 d - 3 throwing nets (quivered)
 e - a javelin
 m - 4 poisoned darts
 n - 15 stones
Armour
 b - a +0 leather armour (worn)
 c - a +0 helmet (worn)
Jewellery
 l - a ring of flight
Talismans
 q - a beast talisman
Scrolls
 h - a scroll of torment {unknown}
 i - a scroll of poison {unknown}
 j - a scroll of amnesia {unknown}
Potions
 f - a potion of might {unknown}
 k - a potion of enlightenment {unknown}
 o - a potion of ambrosia {unknown}
 p - 2 potions of degeneration {unknown}


   Skills:
 - Level 2.1 Fighting
 + Level 4.8 Staves
 - Level 1.7 Throwing
 - Level 2.4 Dodging


You had 3 spell levels left.
You didn't know any spells.
Your spell library was empty.

Dungeon Overview and Level Annotations

Branches:
Dungeon (2/15)

Altars:

Annotations:
D:2 Sigmund


Innate Abilities, Weirdness & Mutations

You are immune to sickness and miasma.
Your stone body is resilient. (AC +3)
You are immune to poison.
You resist negative energy. (rN+)
You are resistant to electric shocks. (rElec)
You are resistant to unholy torment.
You are immune to petrification.


Message History

Search for what [? for help]?
Okay, then.
You see here a rat corpse.
You see here a beast talisman.
q - a beast talisman
Found a long sword.
There is a stone staircase leading up here.
Sigmund the Dreaded comes into view.
He is wielding a +0 scythe.
Found a stone staircase leading up.
Sigmund shouts!
Sigmund mumbles some strange words.
Sigmund flickers and vanishes!
Deactivating autopickup; reactivate with Ctrl-A.
There is a strange disturbance nearby!
There is a strange disturbance nearby!
There is a strange disturbance nearby!
No target in view!
No target in view!
Something hits you.
You miss something. Something hits you.
You barely miss something. You hit something but do no damage.
Something barely misses you.
You hit something but do no damage. Something hits you!
You miss something. You hit something.
You hear some strange, mumbled words.
Something tries to affect you, but you resist.
You hit something but do no damage. Something hits you.
You barely miss something. Something hits you.
You closely miss something. Something hits you.
* * * LOW HITPOINT WARNING * * *
You barely miss something. You barely miss something.
You hear some strange, mumbled words.
You are confused.
A magic dart appears from out of thin air!
The magic dart hits you.
* * * LOW HITPOINT WARNING * * *
You're too confused to move!
Something hits you.
You die...

# #.....)....# ####..
#######..........###########.....
.............................##..
#######..........#..###########..
# ############..............# #
#########...##########.# #
........................ #####
######.#......#######.# #...
#@#.#....##### #.# #.##
#.#.#.>......# #.# ...#
#{#.#...####.###.# ##)#####
#.#.#...#<.......# .......# #
.<#.#...#...#####. ##..##.#.#
#.#.#...#...#..#.. ###.##.#.# ..#
#...#.<.#..#.. # #....#.##### ###
#...#.###..#.. # ###.........
#...#......#..


There were no monsters in sight!

Vanquished Creatures
  2 adders (D:2)
  2 dart slugs (D:1)
  3 bats (D:1)
  5 endoplasms
  2 giant cockroaches (D:1)
  A goblin (D:2)
  6 hobgoblins
  4 quokkas
  A ball python (D:1)
  4 kobolds
  8 rats
38 creatures vanquished.

Notes
Turn   | Place    | Note
-------+----------+-------------------------------------------
     0 | D:1      | Warped the Gargoyle Gladiator began the quest for the Orb.
     0 | D:1      | Reached XP level 1. HP: 12/12 MP: 1/1
   118 | D:1      | Reached XP level 2. HP: 10/17 MP: 2/2
   254 | D:1      | Reached skill level 4 in Staves
   279 | D:1      | Reached XP level 3. HP: 21/21 MP: 3/3
   878 | D:2      | Reached XP level 4. HP: 26/26 MP: 4/4
  1250 | D:2      | Noticed Sigmund
  1266 | D:2      | Slain by Sigmund

Illustrated notes

Levels and vault maps discovered:
D:1:      dpeg_arrival_more_subterranean_lakeside_camping, layout_basic
D:2:      layout_basic, ebering_ecumenical_altar_hall, guppyfry_early_lair_pool,
          uniq_sigmund

Skill      XL: |  1  2 |
---------------+-------+-----
Staves         | 4 |  4.8
Fighting       | |  2.1
Throwing       | |  1.7
Dodging        | |  2.4

Action                     |  1- 3 |  4- 6 || total
---------------------------+-------+-------++-------
  Melee: Quarterstaff      |    92 |    19 ||   111
 Armour: Leather armour    |    67 |    11 ||    78
  Dodge: Dodged            |   123 |     6 ||   129
